 Dungeon Sprint DCSS version 0.18-a0-1372-gd644665 (webtiles) character file.

6633 Kidiri the Fighter (level 10, -1/95 HPs)
             Began as a Centaur Fighter on Feb 21, 2016.
             Was a High Priest of Okawaru.
             Slain by a catoblepas (4 damage)
             ... in the Dungeon (Sprint IX: "|||||||||||||||||||||||||||||").
             The game lasted 00:04:46 (1429 turns).

Kidiri the Fighter (Centaur Fighter)                Turns: 1429, Time: 00:04:46

Health: -1/95      AC: 17    Str: 21    XL:     10   Next: 72%
Magic:  15/15      EV:  1    Int:  7    God:    Okawaru [*****.]
Gold:   0          SH:  0    Dex: 13    Spells: 0 memorised, 9 levels left

rFire  . . .     SeeInvis .     q - +4 morningstar (crush)
rCold  . . .     Gourm    .     s - +1 chain mail
rNeg   + + +     Faith    .     c - +1 shield
rPois  ∞         Spirit   .     (no helmet)
rElec  .         Dismiss  .     r - +0 cloak
rCorr  .         Reflect  .     a - +1 pair of gloves
SustAt .         Harm     .     (no barding)
MR     .....     NoTele   +     (no amulet)
Stlth  ..........               u - +3 ring of dexterity
                                t - +2 ring of protection

@: petrified, very slightly contaminated, very quick, not resistant to hostile
enchantments, extremely unstealthy
A: hooves 3, deformed body, speed 2, tough skin 3
a: Heroism, Finesse, Renounce Religion


You were in the Dungeon.
You worshipped Okawaru.
Okawaru was extremely pleased with you.
You were not hungry.

You visited 1 branch

Inventory:

Hand Weapons
 q - a +4 morningstar of crushing (weapon)
 B - a +6 hunting sling of evasion
Missiles
 y - 8 javelins of returning (quivered)
 z - 6 tomahawks of returning
Armour
 a - a +1 pair of gloves (worn)
 b - a +0 scale mail
 c - a +1 shield (worn)
 r - a +0 cloak (worn)
 s - a +1 chain mail (worn)
Jewellery
 t - a +2 ring of protection (left hand)
 u - a +3 ring of dexterity (right hand)
Wands
 p - a wand of iceblast (7/15)
Scrolls
 n - 5 scrolls of remove curse
 o - 2 scrolls of amnesia
 A - a scroll of fog
Potions
 d - 2 potions of might
 e - 6 potions of curing
 g - 3 potions of heal wounds
 h - a potion of haste
 i - 4 potions of magic
 j - a potion of berserk rage
 m - a potion of invisibility
 v - a potion of brilliance
 w - 2 potions of agility
 x - a potion of resistance
Comestibles
 f - a bread ration
 k - 5 inedible chunks of flesh
 l - a slice of pizza


   Skills:
 * Level 11.1 Fighting
 * Level 10.1 Maces & Flails
 + Level 8.4 Throwing
 * Level 8.8 Armour
 * Level 8.2 Dodging
 * Level 8.7 Shields
 + Level 7.8 Invocations


You had 9 spell levels left.
You didn't know any spells.

Dungeon Overview and Level Annotations

Branches:
Dungeon (1/1)

Altars:
Cheibriados
Dithmenos
Elyvilon
Fedhas
Gozag
Kikubaaqudgha
Makhleb
Nemelex Xobeh
Okawaru
Pakellas
Qazlal
Ru
Sif Muna
Trog
Vehumet
Xom
Yredelemnul
Zin
The Shining One
Beogh
Jiyva
Lugonu


Innate Abilities, Weirdness & Mutations

You have hooves in place of feet.
Armour fits poorly on your strangely shaped body.
You cover ground very quickly.
You have extremely tough skin (AC +3).


Message History

You sock the catoblepas! You kick the catoblepas.
The catoblepas is moderately wounded.
You block the catoblepas's attack.
The catoblepas breathes a plume of calcifying dust at you.
The blast of calcifying dust hits the catoblepas.
The blast of calcifying dust hits you!
Unknown command.
You are engulfed in calcifying dust.
You are slowing down.
You are engulfed in calcifying dust.
Your limbs are stiffening.
The catoblepas breathes a plume of calcifying dust at you.
The blast of calcifying dust hits you!
Unknown command.
You are engulfed in calcifying dust.
Your limbs have turned to stone.
You have turned to stone.
You are engulfed in calcifying dust. x2
The catoblepas gores you!!
* * * LOW HITPOINT WARNING * * *
You are engulfed in calcifying dust.
The catoblepas gores you!
You die...

▓▓▓▓▓▓▓▓▓▓▓▓▓▓▓▓▓▓▓▓▓
.......Y..Y...YY@§%§+
▓▓▓▓▓▓▓▓▓▓▓▓▓▓▓▓▓▓▓▓▓▓▓▓▓▓▓▓▓▓▓▓▓
.................................
▓▓▓▓▓▓▓▓▓▓▓▓▓▓▓▓▓▓▓▓▓▓▓▓▓▓▓▓▓▓▓▓▓
_____'..|).....)......').....'...
▓▓▓▓▓▓▓▓▓▓▓▓▓▓▓▓▓▓▓▓▓▓▓▓▓▓▓▓▓▓▓▓▓


You could see 2 catoblepae and a yak (petrified).

Vanquished Creatures
  A hydra (D)
  2 death yaks (D)
  2 catoblepae (D)
  A deep elf mage (D)
  2 spiny frogs (D)
  A komodo dragon (D)
  3 blink frogs (D)
  A wraith (D)
  A wyvern (D)
  A yak (D)
  3 water moccasins (D)
  4 porcupines (D)
  3 crocodiles (D)
  A giant frog (D)
  A crimson imp (D)
  An orc priest (D)
  2 orc wizards (D)
  2 iguanas (D)
  A sheep (D)
  2 gnolls (D)
  An adder (D)
  2 shadow imps (D)
  2 adder skeletons (D)
  A bat (D)
  A goblin (D)
  2 hobgoblins (D)
  A jackal skeleton (D)
45 creatures vanquished.

Vanquished Creatures (others)
  A spatial maelstrom (D)
1 creature vanquished.

Grand Total: 46 creatures vanquished

Notes
Turn   | Place    | Note
--------------------------------------------------------------
     0 | D        | Kidiri the Centaur Fighter began the quest for the Orb.
     0 | D        | Reached XP level 1. HP: 19/19 MP: 1/1
     4 | D        | Banished a spatial maelstrom
    20 | D        | Reached skill level 1 in Throwing
    20 | D        | Reached XP level 2. HP: 14/27 MP: 2/2
   165 | D        | Noticed a crimson imp
   172 | D        | Reached skill level 1 in Dodging
   183 | D        | Killed a crimson imp
   183 | D        | Reached skill level 4 in Fighting
   183 | D        | Reached XP level 3. HP: 25/34 MP: 3/3
   193 | D        | Reached XP level 4. HP: 15/41 MP: 4/4
   388 | D        | Found a glowing silver altar of Zin.
   388 | D        | Found a glowing golden altar of the Shining One.
   388 | D        | Found an ancient bone altar of Kikubaaqudgha.
   388 | D        | Found a basalt altar of Yredelemnul.
   388 | D        | Found a shimmering altar of Xom.
   388 | D        | Found a radiant altar of Vehumet.
   389 | D        | Found an iron altar of Okawaru.
   390 | D        | Found a burning altar of Makhleb.
   391 | D        | Found a deep blue altar of Sif Muna.
   392 | D        | Found a bloodstained altar of Trog.
   393 | D        | Found a sparkling altar of Nemelex Xobeh.
   394 | D        | Found a white marble altar of Elyvilon.
   395 | D        | Found a roughly hewn altar of Beogh.
   396 | D        | Found a viscous altar of Jiyva.
   397 | D        | Became a worshipper of Warmaster Okawaru
   398 | D        | Found a corrupted altar of Lugonu.
   399 | D        | Found a blossoming altar of Fedhas.
   400 | D        | Found a snail-covered altar of Cheibriados.
   401 | D        | Found a shadowy altar of Dithmenos.
   402 | D        | Found a stormy altar of Qazlal.
   403 | D        | Found an opulent altar of Gozag.
   404 | D        | Found a sacrificial altar of Ru.
   405 | D        | Found an oddly glowing altar of Pakellas.
   464 | D        | Reached skill level 5 in Fighting
   464 | D        | Reached skill level 1 in Invocations
   465 | D        | Reached XP level 5. HP: 46/48 MP: 4/6
   480 | D        | Reached * piety under Okawaru
   517 | D        | Noticed a deep elf mage
   517 | D        | Noticed a crocodile
   517 | D        | Noticed a wyvern
   517 | D        | Noticed a wraith
   522 | D        | Killed a deep elf mage
   522 | D        | Reached ** piety under Okawaru
   522 | D        | Reached *** piety under Okawaru
   522 | D        | Reached skill level 7 in Fighting
   522 | D        | Reached skill level 5 in Armour
   522 | D        | Reached skill level 5 in Shields
   522 | D        | Reached XP level 6. HP: 54/60 MP: 4/8
   522 | D        | Reached XP level 7. HP: 59/66 MP: 4/9
   534 | D        | Killed a wyvern
   534 | D        | Reached skill level 5 in Throwing
   534 | D        | Reached skill level 5 in Dodging
   546 | D        | Killed a wraith
   805 | D        | Noticed a spiny frog
   805 | D        | Noticed an eight-headed hydra
   805 | D        | Noticed a spiny frog
   805 | D        | Noticed a blink frog
   813 | D        | Killed an eight-headed hydra
   813 | D        | Reached **** piety under Okawaru
   813 | D        | Received a gift from Okawaru
   813 | D        | Reached skill level 8 in Fighting
   813 | D        | Reached skill level 5 in Invocations
   813 | D        | Reached XP level 8. HP: 58/75 MP: 9/12
   822 | D        | Killed a spiny frog
   822 | D        | Reached skill level 9 in Fighting
   822 | D        | Reached XP level 9. HP: 55/83 MP: 10/13
   830 | D        | Killed a spiny frog
   837 | D        | Reached ***** piety under Okawaru
   853 | D        | Received a gift from Okawaru
  1077 | D        | Noticed a komodo dragon
  1082 | D        | Reached skill level 10 in Fighting
  1096 | D        | Killed a komodo dragon
  1096 | D        | Reached XP level 10. HP: 40/93 MP: 8/15
  1313 | D        | Noticed a death yak
  1313 | D        | Noticed a catoblepas
  1313 | D        | Noticed a catoblepas
  1313 | D        | Noticed a death yak
  1314 | D        | Noticed a catoblepas
  1324 | D        | Killed a death yak
  1324 | D        | Received a gift from Okawaru
  1332 | D        | Killed a catoblepas
  1333 | D        | Noticed a catoblepas
  1340 | D        | Killed a catoblepas
  1340 | D        | Reached skill level 10 in Maces & Flails
  1348 | D        | Killed a death yak
  1348 | D        | Reached skill level 11 in Fighting
  1374 | D        | HP: 3/95 [catoblepas (10)]
  1428 | D        | HP: 3/95 [catoblepas (11)]
  1429 | D        | Slain by a catoblepas

Vault maps used:
D:        linesprint

Action                   |  1- 3 |  4- 6 |  7- 9 | 10-12 || total
-------------------------+-------+-------+-------+-------++-------
Melee: Flail             |    43 |     2 |       |       ||    45
       Morningstar       |       |    26 |    96 |    43 ||   165
Throw: Javelin           |       |       |     7 |       ||     7
Invok: Heroism           |       |     1 |     2 |     1 ||     4
       Finesse           |       |       |     1 |     1 ||     2
  Use: Potion            |       |     1 |       |     1 ||     2
       Scroll            |       |       |     4 |     2 ||     6
  Eat: Chunk             |       |       |     1 |     1 ||     2
